| TOP OF THE 1ST |
|
Tacoma Rainiers batting - Pitching for Buffalo Bisons : RHP Gabe Nalley
|
|
Pitching: RHP Gabe Nalley
|
|
|
Batting: RHB Rick Ellis
|
0-0: Called Strike 0-1: Foul Ball, location: 2F 0-2: Ball 1-2: Ball 2-2: Strikes out swinging
|
|
Batting: RHB Brad Robidas
|
0-0: Called Strike 0-1: Foul Ball, location: 2F 0-2: Ball 1-2: Ball 2-2: Ball 3-2: Base on Balls
|
|
Batting: SHB Ray Skogen
|
0-0: Called Strike Brad Robidas steals 2nd base 0-1: Foul Ball, location: 2F 0-2: Ground out 6-3 (Groundball, 6, EV 100.0 MPH)
|
|
Batting: LHB Josh Pittman
|
0-0: Fly out, F7 (Flyball, 7S, EV 94.4 MPH)
|
| Top of the 1st over - 0 runs, 0 hits, 0 errors, 1 left on base; Tacoma 0 - Buffalo 0 |
| BOTTOM OF THE 1ST |
|
Buffalo Bisons batting - Pitching for Tacoma Rainiers : RHP Vinny Reveles
|
|
Pitching: RHP Vinny Reveles
|
|
|
Batting: RHB Alex Ramos
|
0-0: Ball 1-0: Fly out, F8 (Flyball, 78D, EV 77.5 MPH)
|
|
Batting: RHB Michel Martineau
|
0-0: Called Strike 0-1: Foul Ball, location: 2F 0-2: Ball 1-2: Foul Ball, location: 2F 1-2: Ball 2-2: Ground out 4-3 (Groundball, 34D, EV 90.0 MPH)
|
|
Batting: SHB Dominik Hasek II
|
0-0: Foul Ball, location: 2F 0-1: Ball 1-1: SOLO HOME RUN (Flyball, 9D, EV 95.6 MPH), Distance : 368 ft
|
|
Batting: RHB Kyle Scruggs
|
0-0: Ball 1-0: Called Strike 1-1: Ball 2-1: Ground out 5-3 (Groundball, 5L, EV 99.4 MPH)
|
| Bottom of the 1st over - 1 run, 1 hit, 0 errors, 0 left on base; Tacoma 0 - Buffalo 1 |
| TOP OF THE 2ND |
|
Tacoma Rainiers batting - Pitching for Buffalo Bisons : RHP Gabe Nalley
|
|
Batting: LHB Ryan Lowe
|
0-0: Ball 1-0: Ball 2-0: Ball 3-0: Called Strike 3-1: Base on Balls
|
|
Batting: RHB Josh Ruhl
|
0-0: Ground out 6-3 (Groundball, 6S, EV 73.1 MPH) Ryan Lowe to second
|
|
Batting: RHB Zach Downs
|
0-0: Called Strike 0-1: Ball 1-1: Ball 2-1: Ground out 5-3 (Groundball, 56, EV 110.0 MPH)
|
|
Batting: RHB Chris Olheiser
|
0-0: Called Strike 0-1: Ball 1-1: Swinging Strike 1-2: Strikes out looking
|
| Top of the 2nd over - 0 runs, 0 hits, 0 errors, 1 left on base; Tacoma 0 - Buffalo 1 |
| BOTTOM OF THE 2ND |
|
Buffalo Bisons batting - Pitching for Tacoma Rainiers : RHP Vinny Reveles
|
|
Batting: RHB Leo Mair
|
0-0: Called Strike 0-1: Ball 1-1: Called Strike 1-2: Foul Ball, location: 2F 1-2: Ground out 6-3 (Groundball, 6, EV 104.4 MPH)
|
|
Batting: RHB Kyle Davis
|
0-0: Ball 1-0: Ground out 6-3 (Groundball, 6, EV 83.8 MPH)
|
|
Batting: RHB Jorge Baret
|
0-0: Foul Ball, location: 2F 0-1: Ball 1-1: Ball 2-1: Foul Ball, location: 2F 2-2: Ball 3-2: Strikes out swinging
|
| Bottom of the 2nd over - 0 runs, 0 hits, 0 errors, 0 left on base; Tacoma 0 - Buffalo 1 |
| TOP OF THE 3RD |
|
Tacoma Rainiers batting - Pitching for Buffalo Bisons : RHP Gabe Nalley
|
|
Batting: RHB Max Schellekens
|
0-0: Foul Ball, location: 2F 0-1: Hit by Pitch
|
|
Batting: RHB Rick Ellis
|
0-0: Fielders Choice at 2nd, 4-6 (Groundball, 4S, EV 86.2 MPH)
|
|
Batting: RHB Brad Robidas
|
0-0: Ball Rick Ellis steals 2nd base 1-0: Ball 2-0: Called Strike 2-1: Fly out, F7 (Flyball, 7, EV 92.5 MPH)
|
|
Batting: SHB Ray Skogen
|
0-0: Called Strike 0-1: Ball 1-1: Called Strike 1-2: Ball 2-2: Ball 3-2: Strikes out swinging
|
| Top of the 3rd over - 0 runs, 0 hits, 0 errors, 1 left on base; Tacoma 0 - Buffalo 1 |
| BOTTOM OF THE 3RD |
|
Buffalo Bisons batting - Pitching for Tacoma Rainiers : RHP Vinny Reveles
|
|
Batting: RHB John Loving
|
0-0: Called Strike 0-1: SINGLE (Groundball, 6MS, EV 74.4 MPH) (infield hit)
|
|
Batting: RHB Frank Caulfield
|
0-0: Called Strike John Loving is caught stealing 2nd base 2-4 0-1: Foul Ball, location: 2F 0-2: Ball 1-2: Ball 2-2: Ground out 4-3 (Groundball, 4, EV 104.4 MPH)
|
|
Batting: RHB Alex Ramos
|
0-0: Called Strike 0-1: Foul Ball, location: 2F 0-2: Ball 1-2: SINGLE (Flyball, 34D, EV 92.5 MPH)
|
|
Batting: RHB Michel Martineau
|
0-0: Ball 1-0: Ball 2-0: SINGLE (Groundball, 34, EV 104.4 MPH) Alex Ramos to second Runner from 2nd tries for 3rd, SAFE, throw by RF made to third Michel Martineau to second
|
|
Batting: SHB Dominik Hasek II
|
0-0: Ball 1-0: Ball 2-0: Called Strike 2-1: Called Strike 2-2: Strikes out swinging
|
| Bottom of the 3rd over - 0 runs, 3 hits, 0 errors, 2 left on base; Tacoma 0 - Buffalo 1 |
| TOP OF THE 4TH |
|
Tacoma Rainiers batting - Pitching for Buffalo Bisons : RHP Gabe Nalley
|
|
Batting: LHB Josh Pittman
|
0-0: Ball 1-0: Called Strike 1-1: Foul Ball, location: 2F 1-2: Foul Ball, location: 2F 1-2: Foul Ball, location: 2F 1-2: Ball 2-2: Ball 3-2: Foul Ball, location: 2F 3-2: Base on Balls
|
|
Batting: LHB Ryan Lowe
|
0-0: Called Strike 0-1: Called Strike 0-2: Foul Ball, location: 2F 0-2: Ball 1-2: Ball 2-2: Foul Ball, location: 2F 2-2: Ground out 5-3 (Groundball, 56S, EV 66.2 MPH) Josh Pittman to second
|
|
Batting: RHB Josh Ruhl
|
0-0: Ball 1-0: Foul Ball, location: 2F 1-1: Ball 2-1: Ground out 6-3 (Groundball, 6M, EV 109.4 MPH) Josh Pittman to third
|
|
Batting: RHB Zach Downs
|
0-0: SINGLE (Line Drive, 6MD, EV 106.2 MPH) Josh Pittman scores
|
|
Batting: RHB Chris Olheiser
|
0-0: Ball 1-0: Ball 2-0: Foul Ball, location: 2F 2-1: Fly out, F9 (Line Drive, 89S, EV 106.2 MPH)
|
| Top of the 4th over - 1 run, 1 hit, 0 errors, 1 left on base; Tacoma 1 - Buffalo 1 |
| BOTTOM OF THE 4TH |
|
Buffalo Bisons batting - Pitching for Tacoma Rainiers : RHP Vinny Reveles
|
|
Batting: RHB Kyle Scruggs
|
0-0: Foul Ball, location: 2F 0-1: Ball 1-1: Swinging Strike 1-2: Ball 2-2: Ground out 5-3 (Groundball, 56, EV 82.5 MPH)
|
|
Batting: RHB Leo Mair
|
0-0: Ball 1-0: Foul Ball, location: 2F 1-1: Called Strike 1-2: SINGLE (Line Drive, 6D, EV 98.1 MPH)
|
|
Batting: RHB Kyle Davis
|
0-0: Ball 1-0: Called Strike 1-1: Swinging Strike 1-2: Strikes out swinging
|
|
Batting: RHB Jorge Baret
|
0-0: Ball 1-0: Swinging Strike 1-1: Ball 2-1: SINGLE (Groundball, 4MD, EV 96.2 MPH) Leo Mair to second Runner from 2nd tries for 3rd, SAFE, throw by CF made to third
|
|
Batting: RHB John Loving
|
0-0: Called Strike 0-1: Ball 1-1: Fielders Choice at 2nd, 5-4 (Groundball, 56, EV 100.0 MPH)
|
| Bottom of the 4th over - 0 runs, 2 hits, 0 errors, 2 left on base; Tacoma 1 - Buffalo 1 |
| TOP OF THE 5TH |
|
Tacoma Rainiers batting - Pitching for Buffalo Bisons : RHP Gabe Nalley
|
|
Batting: RHB Max Schellekens
|
0-0: Foul Ball, location: 2F 0-1: Ball 1-1: Ground out 6-3 (Groundball, 6, EV 96.9 MPH)
|
|
Batting: RHB Rick Ellis
|
0-0: Ground out 5-3 (Groundball, 56, EV 102.5 MPH)
|
|
Batting: RHB Brad Robidas
|
0-0: Ball 1-0: Ground out 6-3 (Groundball, 6, EV 90.0 MPH)
|
| Top of the 5th over - 0 runs, 0 hits, 0 errors, 0 left on base; Tacoma 1 - Buffalo 1 |
| BOTTOM OF THE 5TH |
|
Buffalo Bisons batting - Pitching for Tacoma Rainiers : RHP Vinny Reveles
|
|
Batting: RHB Frank Caulfield
|
0-0: Ball 1-0: Ball 2-0: Swinging Strike 2-1: Foul Ball, location: 2F 2-2: Ball 3-2: Base on Balls
|
|
Batting: RHB Alex Ramos
|
0-0: Ball Frank Caulfield steals 2nd base 1-0: Ball 2-0: Foul Ball, location: 2F 2-1: Foul Ball, location: 2F 2-2: DOUBLE (Line Drive, 7LD, EV 111.9 MPH) Frank Caulfield scores
|
|
Batting: RHB Michel Martineau
|
0-0: Ball 1-0: Ball 2-0: Foul Ball, location: 2F 2-1: Called Strike Alex Ramos steals 3rd base 2-2: Ball 3-2: Foul Ball, location: 2F 3-2: Ground out 6-3 (Groundball, 6, EV 106.2 MPH) Alex Ramos scores
|
|
Batting: SHB Dominik Hasek II
|
0-0: Called Strike 0-1: TRIPLE (Flyball, 89D, EV 100.0 MPH)
|
|
Batting: RHB Kyle Scruggs
|
0-0: Ball 1-0: Called Strike 1-1: Fly out, F7 (Flyball, 7, EV 76.9 MPH) Runner from 3rd tags up, SCORES, throw by LF
|
|
Pitching: RHP Marty Maginnis
|
|
|
Batting: RHB Leo Mair
|
0-0: Foul Ball, location: 2F 0-1: Reached on error, E4 (Groundball, 4, EV 101.9 MPH)
|
|
Batting: RHB Kyle Davis
|
0-0: Ball 1-0: Called Strike 1-1: Ball 2-1: Ground out 2-3 (Groundball, 15S, EV 70.6 MPH)
|
| Bottom of the 5th over - 3 runs, 2 hits, 1 error, 1 left on base; Tacoma 1 - Buffalo 4 |
| TOP OF THE 6TH |
|
Tacoma Rainiers batting - Pitching for Buffalo Bisons : RHP Gabe Nalley
|
|
Batting: SHB Ray Skogen
|
0-0: Ball 1-0: Ball 2-0: SINGLE (Groundball, 6MS, EV 73.1 MPH) (infield hit)
|
|
Batting: LHB Josh Pittman
|
0-0: Called Strike Ray Skogen is caught stealing 2nd base 2-6 0-1: Ball 1-1: Foul Ball, location: 2F 1-2: Foul Ball, location: 2F 1-2: Ball 2-2: Ball 3-2: Ground out 5-3 (Groundball, 56S, EV 86.2 MPH)
|
|
Batting: LHB Ryan Lowe
|
0-0: Foul Ball, location: 2F 0-1: Foul Ball, location: 2F 0-2: Foul Ball, location: 2F 0-2: Ball 1-2: Ball 2-2: Ball 3-2: Strikes out swinging
|
| Top of the 6th over - 0 runs, 1 hit, 0 errors, 0 left on base; Tacoma 1 - Buffalo 4 |
| BOTTOM OF THE 6TH |
|
Buffalo Bisons batting - Pitching for Tacoma Rainiers : RHP Marty Maginnis
|
|
Batting: RHB Jorge Baret
|
0-0: Called Strike 0-1: Swinging Strike 0-2: Ball 1-2: Ground out U3 (Groundball, 3, EV 81.2 MPH)
|
|
Batting: RHB John Loving
|
0-0: Ball 1-0: Swinging Strike 1-1: Ball 2-1: Swinging Strike 2-2: Foul Ball, location: 2F 2-2: Strikes out swinging
|
|
Batting: RHB Frank Caulfield
|
0-0: Ball 1-0: Foul Ball, location: 2F 1-1: Ground out 5-3 (Groundball, 5L, EV 98.1 MPH)
|
| Bottom of the 6th over - 0 runs, 0 hits, 0 errors, 0 left on base; Tacoma 1 - Buffalo 4 |
| TOP OF THE 7TH |
|
Tacoma Rainiers batting - Pitching for Buffalo Bisons : RHP Gabe Nalley
|
|
Batting: RHB Josh Ruhl
|
0-0: Called Strike 0-1: Ball 1-1: Fly out, F8 (Flyball, 8RM, EV 86.9 MPH)
|
|
Batting: RHB Zach Downs
|
0-0: Ball 1-0: Foul Ball, location: 2F 1-1: Ball 2-1: Foul Ball, location: 2F 2-2: Ball 3-2: Ground out 6-3 (Groundball, 6, EV 91.9 MPH)
|
|
Batting: RHB Chris Olheiser
|
0-0: Fly out, F9 (Flyball, 89D, EV 103.8 MPH)
|
| Top of the 7th over - 0 runs, 0 hits, 0 errors, 0 left on base; Tacoma 1 - Buffalo 4 |
| BOTTOM OF THE 7TH |
|
Buffalo Bisons batting - Pitching for Tacoma Rainiers : RHP Marty Maginnis
|
|
Batting: RHB Alex Ramos
|
0-0: Ball 1-0: Foul Ball, location: 2F 1-1: Fly out, F8 (Flyball, 8RD, EV 75.0 MPH)
|
|
Batting: RHB Michel Martineau
|
0-0: Ball 1-0: Ball 2-0: Ball 3-0: Called Strike 3-1: Base on Balls
|
|
Batting: SHB Dominik Hasek II
|
0-0: Swinging Strike 0-1: Called Strike Michel Martineau steals 2nd base 0-2: SINGLE (Line Drive, 7S, EV 93.1 MPH) Michel Martineau to third
|
|
Batting: RHB Kyle Scruggs
|
0-0: Ball 1-0: Ball 2-0: Ball 3-0: Called Strike 3-1: Base on Balls Dominik Hasek II to second
|
|
Batting: RHB Leo Mair
|
0-0: Ball 1-0: Ball 2-0: Grounds into fielders choice 1-2 (Groundball, 34S, EV 70.6 MPH) Dominik Hasek II to third Kyle Scruggs to second
|
|
Batting: RHB Kyle Davis
|
0-0: Foul Ball, location: 2F 0-1: Swinging Strike 0-2: Ball 1-2: Foul Ball, location: 2F 1-2: Foul Ball, location: 2F 1-2: Ball 2-2: Foul Ball, location: 2F 2-2: Fielders Choice at 2nd, 6-4 (Groundball, 6, EV 83.8 MPH)
|
| Bottom of the 7th over - 0 runs, 1 hit, 0 errors, 3 left on base; Tacoma 1 - Buffalo 4 |
| TOP OF THE 8TH |
|
Tacoma Rainiers batting - Pitching for Buffalo Bisons : RHP Gabe Nalley
|
|
Batting: RHB Max Schellekens
|
0-0: Ball 1-0: Called Strike 1-1: Foul Ball, location: 2F 1-2: Foul Ball, location: 2F 1-2: Ball 2-2: Foul Ball, location: 2F 2-2: Strikes out swinging
|
|
Batting: RHB Rick Ellis
|
0-0: Ball 1-0: Swinging Strike 1-1: Ground out 3-1 (Groundball, 34S, EV 76.2 MPH)
|
|
Batting: RHB Brad Robidas
|
0-0: SINGLE (Flyball, 89S, EV 96.9 MPH)
|
|
Pitching: RHP Chris Kroesen
|
|
|
Batting: SHB Ray Skogen
|
0-0: Ball 1-0: Fielders Choice at 2nd, 4-6 (Groundball, 4MD, EV 82.5 MPH)
|
| Top of the 8th over - 0 runs, 1 hit, 0 errors, 1 left on base; Tacoma 1 - Buffalo 4 |
| BOTTOM OF THE 8TH |
|
Buffalo Bisons batting - Pitching for Tacoma Rainiers : RHP Marty Maginnis
|
|
Pitching: RHP Chris Julien
|
|
|
Batting: RHB Jorge Baret
|
0-0: Ground out 5-3 (Groundball, 5, EV 106.2 MPH)
|
|
Batting: RHB John Loving
|
0-0: Fly out, F8 (Flyball, 8RD, EV 103.1 MPH)
|
|
Batting: RHB Frank Caulfield
|
0-0: Foul Ball, location: 2F 0-1: Swinging Strike 0-2: Ball 1-2: Ball 2-2: Foul Ball, location: 2F 2-2: Strikes out swinging
|
| Bottom of the 8th over - 0 runs, 0 hits, 0 errors, 0 left on base; Tacoma 1 - Buffalo 4 |
| TOP OF THE 9TH |
|
Tacoma Rainiers batting - Pitching for Buffalo Bisons : RHP Chris Kroesen
|
|
Pitching: LHP Julio Gonzalez
|
|
|
Batting: LHB Josh Pittman
|
0-0: Ball 1-0: Fly out, F8 (Flyball, 8RD, EV 96.9 MPH)
|
|
Batting: LHB Ryan Lowe
|
0-0: Ground out 6-3 (Groundball, 6, EV 83.8 MPH)
|
|
Batting: RHB Josh Ruhl
|
0-0: Ball 1-0: Foul Ball, location: 2F 1-1: Ball 2-1: Ball 3-1: Swinging Strike 3-2: Base on Balls
|
|
Batting: RHB Zach Downs
|
0-0: Foul Ball, location: 2F 0-1: SINGLE (Groundball, 4MD, EV 98.1 MPH) Josh Ruhl to second
|
|
Batting: RHB Chris Olheiser
|
0-0: Foul Ball, location: 2F 0-1: Foul Ball, location: 2F 0-2: Ball 1-2: Ball 2-2: Foul Ball, location: 2F 2-2: Strikes out looking
|
| Top of the 9th over - 0 runs, 1 hit, 0 errors, 2 left on base; Tacoma 1 - Buffalo 4 |
|